 Dungeon Crawl Stone Soup version 0.22-a0-284-g99d1f74 (webtiles) character file.

15 mhoghedin the Ruffian (level 2, -2/27 HPs)
             Began as a Ghoul Monk on Mar 20, 2018.
             Killed from afar by an orc wizard (4 damage)
             ... with a puff of frost
             ... on level 2 of the Dungeon.
             The game lasted 00:01:00 (647 turns).

mhoghedin the Ruffian (Ghoul Monk)                   Turns: 647, Time: 00:01:01

Health: -2/27      AC:  2    Str: 19    XL:     2   Next: 50%
Magic:  1/1        EV: 12    Int:  5    God:
Gold:   28         SH:  0    Dex: 11    Spells: 1/1 levels left

rFire    . . .     SeeInvis .     - Unarmed
rCold    + . .     Gourm    .   (no shield)
rNeg     + + +     Faith    .   a - +0 robe
rPois    ∞         Spirit   .   (no helmet)
rElec    .         Reflect  .   (no cloak)
rCorr    .         Harm     .   (no gloves)
MR       .....                  (no boots)
Stlth    +.........             (no amulet)
HPRegen  0.00/turn              d - ring of loudness (curse) {Stlth-}
MPRegen  0.07/turn              (no ring)

@: mighty, rotting
A: rotting body, claws 1, carnivore, cold resistance 1, negative energy
resistance 3, inhibited regeneration, torment resistance, unbreathing
a: no special abilities


You were on level 2 of the Dungeon.
You were not hungry.

You visited 1 branch of the dungeon, and saw 2 of its levels.

You collected 28 gold pieces.

Inventory:

Armour
 a - a +0 robe (worn)
Jewellery
 d - a cursed ring of loudness (left claw) {Stlth-}
   (You found it on level 1 of the Dungeon)
Scrolls
 c - a scroll of teleportation {unknown}
 e - a scroll of fear {unknown}
 i - a scroll of noise {unknown}
Potions
 f - a potion of lignification {unknown}
 h - a potion of agility {unknown}
Comestibles
 b - 2 rations


   Skills:
 + Level 3.7 Fighting
 - Level 2.6 Dodging
 - Level 2.1 Stealth
 + Level 3.8 Unarmed Combat


You had one spell level left.
You didn't know any spells.

Dungeon Overview and Level Annotations

Branches:
Dungeon (2/15)

Altars:


Innate Abilities, Weirdness & Mutations

Your body is rotting away.
You thrive on raw meat.
You are immune to poison.
You have sharp fingernails.
You are carnivorous and can eat meat at any time.
Your flesh is cold resistant. (rC+)
You are immune to negative energy. (rN+++)
You do not regenerate when monsters are visible.
You are immune to unholy pain and torment.
You can survive without breathing.


Message History

A bat comes into view.
The bat moves out of view.
You completely miss the goblin. The goblin closely misses you.
You scratch the bat.
You kill the bat!
The goblin hits you but does no damage.
You scratch the goblin.
You kill the goblin!
No target in view!
No target in view!
No target in view!
No target in view!
No target in view!
No target in view!
No target in view!
No target in view!
No target in view!
No target in view!
f - a metallic ruby potion
Things that are here:
a dagger; a goblin corpse
Found a stone staircase leading down.
A goblin comes into view. It is wielding a club.
The goblin shouts!
A goblin is nearby!
The goblin barely misses you.
You claw the goblin!
You kill the goblin!
No target in view!
No target in view!
No target in view!
No target in view!
No target in view!
No target in view!
No target in view!
No target in view!
No target in view!
No target in view!
No target in view!
i - a scroll labeled ZAINEE PASEAP Done exploring.
Done exploring.
(D) Dungeon
Where to? (? - help)
There is a stone staircase leading down here.
You climb downwards.
There is a stone staircase leading up here.
An orc comes into view. It is wielding a club.
The orc shouts!
You hear a shout!
An orc is nearby!
An orc comes into view. It is wielding a short sword.
The orc shouts!
An orc wizard comes into view. It is wielding a dagger.
The orc wizard shouts!
Found a stone staircase leading up.
You scratch the orc but do no damage. You closely miss the orc.
The orc closely misses you.
You scratch the orc. The orc hits you with a club.
The orc wizard miscasts a cantrip.
You take 4 damage, and have 23/27 hp.
You scratch the orc. You scratch the orc. You scratch the orc.
The orc closely misses you.
You barely miss the orc. The orc hits you with a short sword.
You take 2 damage, and have 21/27 hp.
You closely miss the orc. The orc barely misses you.
You barely miss the orc. The orc hits you with a short sword.
You take 1 damage, and have 20/27 hp.
You aren't carrying any items that you can evoke.
You scratch the orc.
You kill the orc!
You scratch the orc wizard but do no damage.
The orc wizard closely misses you.
You miss the orc wizard.
The orc wizard begins to cast a cantrip, but forgets the words!
You scratch the orc wizard. The orc wizard hits you with a dagger.
You take 6 damage, and have 14/27 hp.
MASSIVE DAMAGE!!
It was a potion of might.
You feel very mighty all of a sudden.
The orc wizard points at you and mumbles some strange words.
The magic dart hits you!
You take 3 damage, and have 11/27 hp.
You closely miss the orc wizard. The orc wizard misses you.
You closely miss the orc wizard.
The orc wizard miscasts a cantrip.
You closely miss the orc wizard. The orc wizard hits you with a dagger.
* * * LOW HITPOINT WARNING * * *
You take 4 damage, and have 7/27 hp.
You closely miss the orc wizard. The orc wizard hits you with a dagger.
* * * LOW HITPOINT WARNING * * *
You take 5 damage, and have 2/27 hp.
Okay, then.
Unknown command.
You barely miss the orc wizard. You barely miss the orc wizard.
The orc wizard barely misses you.
You scratch the orc wizard.
The orc wizard points at you and mumbles some strange words.
The puff of frost hits you! You resist.
You die...

.......#.# #.#.#.#
.......#.## #.#.#.#
# ..#.....# #.#...#
.. # #.#..#..#
#.##### ...
#.#.#..######.# ...<
#.#.#.........#
##...
#.....#########
......###.##.#######
......oo@.##.......#
###...######.#####.#
##. #.# .. #.# ..
#.# .. #.# . #.# #.


You could see an orc wizard and an orc.

Vanquished Creatures
  An orc (D:2)
  A giant cockroach (D:1)
  3 goblins (D:1)
  2 hobgoblins (D:1)
  2 kobolds (D:1)
  A ball python (D:1)
  A bat (D:1)
  A frilled lizard (D:1)
  2 rats (D:1)
14 creatures vanquished.

Notes
Turn   | Place    | Note
-------+----------+-------------------------------------------
     0 | D:1      | mhoghedin the Ghoul Monk began the quest for the Orb.
     0 | D:1      | Reached XP level 1. HP: 19/19 MP: 0/0
   201 | D:1      | Reached XP level 2. HP: 18/26 MP: 1/1
   644 | D:2      | HP: 2/27 [orc wizard/dagger (5)]
   647 | D:2      | Killed from afar by an orc wizard

Vault maps used:
D:1:      onia_arrival_mini_spirals, serial_curves, eino_curves_03,
          eino_curves_04
D:2:      uniq_crazy_yiuf_cottage

Action                   || total
-------------------------++-------
Melee: Unarmed           ||    59
  Use: Potion            ||     1
  Eat: Chunk             ||     3
Armor: Robe              ||     9
Dodge: Dodged            ||    22

Table legend:
 A = Spawn XP
 B = Non-spawn XP
 C = Spawn XP percentage of total XP
 D = Spawn monster count
 E = Non-spawn monster count
 F = Spawn count percentage of total count
 G = Total turns spent on level
                    A         B        C        D         E        F      G
               +---------+---------+-------+---------+---------+-------+---------
         Total |       0 |      22 |   0.0 |       0 |      14 |   0.0 |   647
               +---------+---------+-------+---------+---------+-------+---------
           D:1 |       0 |      19 |   0.0 |       0 |      13 |   0.0 |   540
           D:2 |       0 |       3 |   0.0 |       0 |       1 |   0.0 |   107
               +---------+---------+-------+---------+---------+-------+---------

Vault maps used:
D:1:      onia_arrival_mini_spirals, serial_curves, eino_curves_03,
          eino_curves_04
D:2:      uniq_crazy_yiuf_cottage

Table legend:
 A = Turns spent in this place as a percentage of turns spent in the entire game.
 B = Non-inter-level travel turns spent in this place as a percentage of non-inter-level travel turns spent in the entire game.
 C = Inter-level travel turns spent in this place as a percentage of turns spent in this place.
 D = Turns resting spent in this place as a percentage of non-inter-level travel turns spent in this place.
 E = Turns spent auto-exploring this place as a percentage of non-inter-level travel turns spent in this place.
 F = Non-inter-level travel turns spent in this place divided by the number of levels of this place that you've seen.
                   A       B       C       D       E      F
               +-------+-------+-------+-------+-------+----------------------
         Total | 100.0 | 100.0 |   1.5 |  24.0 |  55.3 | 318.5
       Dungeon | 100.0 | 100.0 |   1.5 |  24.0 |  55.3 | 318.5
               +-------+-------+-------+-------+-------+----------------------

Table legend:
 A = Kills in this place as a percentage of kills in entire the game.
 B = Kills by you in this place as a percentage of kills by you in the entire game.
 C = Kills by friends in this place as a percentage of kills by friends in the entire game.
 D = Other kills in this place as a percentage of other kills in the entire game.
 E = Experience gained in this place as a percentage of experience gained in the entire game.
 F = Experience gained in this place divided by the number of levels of this place that you have seen.
                   A       B       C       D       E      F
               +-------+-------+-------+-------+-------+----------------------
         Total | 100.0 | 100.0 |   N/A |   N/A | 100.0 |  11.0
       Dungeon | 100.0 | 100.0 |   N/A |   N/A | 100.0 |  11.0
               +-------+-------+-------+-------+-------+----------------------
